 Dungeon Crawl Stone Soup version 0.31-a0-198-g2ad674f65e (webtiles) character file.

Game seed: 1800618367895295656

54 qw the Shooter (level 3, -1/20 HPs)
             Began as a Deep Elf Hunter on June 25, 2023.
             Slain by a gnoll
             ... wielding a +0 club
              (3 damage)
             ... on level 2 of the Dungeon.
             The game lasted 00:00:24 (871 turns).

qw the Shooter (Deep Elf Hunter)                     Turns: 871, Time: 00:00:24

Health: -1/20      AC:  9    Str: 10    XL:     3   Next: 66%
Magic:  5/5        EV: 11    Int: 13    God:
Gold:   116        SH:  0    Dex: 18    Spells: 2/2 levels left

rFire   . . .        Y - +0 shortbow
rCold   . . .        (shield currently unavailable)
rNeg    . . .        h - +4 ring mail
rPois   .            (no helmet)
rElec   .            (no cloak)
rCorr   .            (no gloves)
SInv    .            (no boots)
Will    .....        (no amulet)
Stlth   +            (no ring)
HPRegen 0.23/turn    (no ring)
MPRegen 0.09/turn

%: no passive effects
@: about to teleport
A: no striking features
a: no special abilities


You were on level 2 of the Dungeon.
You visited 1 branch of the dungeon, and saw 2 of its levels.

You collected 116 gold pieces.


   Skills:
 - Level 1.5 Fighting
 + Level 7.2 Ranged Weapons
 - Level 2.4 Dodging
 - Level 1.2 Stealth


You had 2 spell levels left.
You didn't know any spells.
Your spell library was empty.

Inventory:

Hand Weapons
 Y - a +0 shortbow (weapon)
Armour
 h - a +4 ring mail (worn)
Scrolls
 a - a scroll of immolation {unknown}
Potions
 d - a potion of heal wounds {unknown}
 e - a potion of curing {unknown}
 i - a potion of resistance {unknown}
 k - a potion of lignification {unknown}

Dungeon Overview and Level Annotations

Branches:
Dungeon (2/15)

Altars:


Message History

You shoot an arrow.
The arrow barely misses the frilled lizard.
The arrow hits the gnoll.
The gnoll is moderately wounded.
The frilled lizard closely misses you.
You shoot an arrow. The arrow hits the gnoll!
You kill the gnoll!
The frilled lizard bites you.
The frilled lizard bites you but does no damage.
You shoot an arrow.
The arrow hits the gnoll but does no damage.
The gnoll is lightly wounded.
The frilled lizard bites you but does no damage.
The gnoll hits you with a +0 club.
You shoot an arrow. The arrow completely misses the gnoll.
The gnoll closely misses you. The frilled lizard closely misses you.
You shoot an arrow.
The arrow hits the gnoll but does no damage.
The gnoll is lightly wounded.
The gnoll barely misses you.
The frilled lizard bites you but does no damage.
You shoot an arrow. The arrow hits the gnoll.
The gnoll is moderately wounded.
The gnoll hits you with a +0 club. The frilled lizard closely misses you.
You shoot an arrow. The arrow hits the gnoll.
The gnoll is heavily wounded.
The gnoll hits you with a +0 club.
The frilled lizard bites you but does no damage.
You shoot an arrow.
The arrow hits the gnoll but does no damage.
The gnoll is heavily wounded.
The gnoll hits you with a +0 club. The frilled lizard barely misses you.
The frilled lizard bites you. The gnoll closely misses you.
870 ||| READING scroll of teleportation.
As you read the scroll of teleportation, it crumbles to dust.
You feel strangely unstable. The frilled lizard bites you.
The gnoll hits you but does no damage.
You shoot an arrow. The arrow barely misses the gnoll.
The gnoll hits you with a +0 club.
You die...

.#.##......
.......#..##..
...##......#..
..............##
...........##...###
.....#.....##.#...#
.....[............#
.................g###
.###...#........@lJg#
.#...#...........##..?..
...####..........# ...
.### ##.........# . .#
#..#....### .# #..###..#
.# ##.# #...<# .# #.#
#.##.# .# ### #.# .#


You could see 2 gnolls, an endoplasm and a frilled lizard.

Vanquished Creatures
  2 gnolls (D:2)
  A worm (D:2)
  2 ball pythons (D:1)
  3 endoplasms (D:1)
  2 giant cockroaches (D:1)
  2 goblins
  4 hobgoblins
  3 jackals (D:1)
  A kobold (D:1)
  A quokka (D:1)
  3 bats
  A frilled lizard (D:1)
  5 rats
30 creatures vanquished.

Notes
Turn   | Place    | Note
-------+----------+-------------------------------------------
     0 | D:1      | qw the Deep Elf Hunter began the quest for the Orb.
     0 | D:1      | Reached XP level 1. HP: 12/12 MP: 3/3
     0 | D:1      | 0 ||| qw: Version: 0.3-a-22-g0ed2b0b
     0 | D:1      | 0 ||| qw: Game counter: 5182
     0 | D:1      | 0 ||| qw: Melee chars always use a shield: true
     0 | D:1      | 0 ||| qw: God list: Okawaru
     0 | D:1      | 0 ||| qw: Allow faded altars: false
     0 | D:1      | 0 ||| qw: Do Orc after clearing Dungeon:15 true
     0 | D:1      | 0 ||| qw: Do second Lair branch before Depths: true
     0 | D:1      | 0 ||| qw: Lair rune preference: random
     0 | D:1      | 0 ||| qw: Goals: Normal
     0 | D:1      | 0 ||| PLANNING D:1-11
    85 | D:1      | Reached skill level 6 in Ranged Weapons
    85 | D:1      | Reached XP level 2. HP: 16/16 MP: 4/4
   706 | D:1      | 706 ||| UPGRADING to +4 ring mail.
   716 | D:1      | 716 ||| DROPPING +0 leather armour.
   717 | D:1      | 717 ||| READING scroll labelled ETODOO FIZXUM.
   718 | D:1      | 718 ||| READING scroll labelled AKKAIT BONI.
   719 | D:1      | 719 ||| READING 2 scrolls labelled DAWU NEONECE.
   723 | D:1      | 723 ||| DROPPING scroll of butterflies.
   751 | D:2      | Reached XP level 3. HP: 20/20 MP: 5/5
   861 | D:2      | Reached skill level 7 in Ranged Weapons
   869 | D:2      | HP: 4/20 [frilled lizard (3)]
   870 | D:2      | 870 ||| READING scroll of teleportation.
   871 | D:2      | Slain by a gnoll

Levels and vault maps discovered:
D:1:      spicycebolla_green_bress_n_ham_2, layout_basic,
          hangedman_abyss_or_decor_stabs
D:2:      layout_rooms

Skill      XL: |  1  2  3 |
---------------+----------+-----
Ranged Weapons | 6 7 |  7.2
Fighting       | |  1.5
Dodging        | |  2.4
Stealth        | |  1.2

Action                     || total
---------------------------++-------
   Fire: Shortbow          ||   103
    Use: Scroll            ||     4
 Armour: Leather armour    ||     4
         Ring mail         ||    11
  Dodge: Dodged            ||    30

Table legend:
 A = Non-vault XP
 B = Vault XP
 C = Vault XP percentage of total XP
 D = Non-vault monster count
 E = Vault monster count
 F = Vault count percentage of total count
                 A         B        C        D         E       F
            +---------+---------+-------+---------+---------+-------
      Total |      78 |       0 |   0.0 |      30 |       0 |   0.0
            +---------+---------+-------+---------+---------+-------
        D:1 |      38 |       0 |   0.0 |      22 |       0 |   0.0
        D:2 |      40 |       0 |   0.0 |       8 |       0 |   0.0
            +---------+---------+-------+---------+---------+-------
